 Dungeon Crawl Stone Soup version 0.29.1-12-g30fa7ad0bf (webtiles) character file.

Game seed: 14399693939071876284

1545 Descartes the Ruffian (level 8, -8/70 HPs)
             Began as a Troll Warper on Dec 15, 2022.
             Mangled by Mercurial's ghost (14 damage)
             ... on level 5 of the Dungeon.
             The game lasted 00:10:26 (5692 turns).

Descartes the Ruffian (Troll Warper)                Turns: 5692, Time: 00:10:26

Health: -8/70      AC:  8    Str: 20    XL:     8   Next: 56%
Magic:  11/11      EV: 10    Int: 11    God:
Gold:   322        SH:  5    Dex: 15    Spells: 13/13 levels left

rFire   . . .      SeeInvis .     - Unarmed
rCold   . . .      Faith    .   (no shield)
rNeg    . . .      Spirit   .   y - +2 robe "Uthreastyu" {Rampage rPois}
rPois   +          Reflect  +   (helmet restricted)
rElec   .          Harm     .   f - +1 cloak
rCorr   .          Rampage  +   (gloves unavailable)
Will    .....                   (boots unavailable)
Stlth   +.........              q - amulet of reflection
HPRegen 1.01/turn               r - +6 ring of dexterity
MPRegen 0.12/turn               (no ring)

@: no status effects
A: large, unfitting armour, claws 3, regeneration 1, shaggy fur 1, tough skin 1
a: no special abilities


You were on level 5 of the Dungeon.
You visited 1 branch of the dungeon, and saw 5 of its levels.
You also visited: Sewer.

You collected 322 gold pieces.

Inventory:

Missiles
 c - 7 boomerangs of dispersal (quivered)
 e - 2 large rocks
 n - 78 stones
 o - 26 poisoned darts
 x - 3 boomerangs
 A - a curare-tipped dart
Armour
 a - a +0 robe
 f - a +1 cloak (worn)
 y - the +2 robe "Uthreastyu" (worn) {Rampage rPois}
   (You found it on level 4 of the Dungeon)

   rPois:     It protects you from poison.
   Rampage:   It bestows one free step when moving towards enemies.
Jewellery
 l - an amulet of guardian spirit
 q - an amulet of reflection (around neck)
 r - a +6 ring of dexterity (left claw)
 u - a ring of fire
 F - a ring of fire
Scrolls
 b - 2 scrolls of blinking
 d - a scroll of noise {unknown}
 g - a scroll of poison
 i - a scroll of torment {unknown}
 j - a scroll of enchant armour {unknown}
 m - a scroll of amnesia {unknown}
 s - a scroll of fear
 t - a scroll of summoning {unknown}
 v - a scroll of teleportation {unknown}
 w - a scroll of immolation {unknown}
 B - a scroll of enchant weapon
 G - a scroll of identify
Potions
 h - 8 potions of might
 k - 2 potions of heal wounds
 p - 2 potions of lignification
 z - a potion of invisibility {unknown}
 C - 2 potions of mutation {unknown}
 D - 2 potions of resistance
 E - 4 potions of brilliance {unknown}
 H - a potion of curing
 I - 2 potions of flight {unknown}


   Skills:
 - Level 1.5 Fighting
 - Level 0.8 Throwing
 - Level 1.9 Dodging
 + Level 7.1 Unarmed Combat
 - Level 3.0 Spellcasting
 + Level 5.8 Translocations


You had 13 spell levels left.
You didn't know any spells.
Your spell library contained the following spells:

 Spells                   Type           Power      Damage    Failure   Level
 Blink                    Tloc           28%        N/A       3%          2
 Gell's Gravitas          Tloc           14%        N/A       7%          3
 Lesser Beckoning         Tloc           14%        N/A       7%          3
 Teleport Other           Tloc           14%        N/A       7%          3
 Portal Projectile        Hex/Tloc       16%        N/A       24%         3
 Manifold Assault         Tloc           14%        N/A       54%         5
 Call Canine Familiar     Summ           1%         N/A       61%         3
 Leda's Liquefaction      Hex/Erth       0%         N/A       95%         4


Dungeon Overview and Level Annotations

Branches:
Dungeon (5/15)              Sewer (visited)
 Temple: D:4-7

Altars:

Annotations:
D:1 2 runed translucent doors
D:5 Mercurial's ghost, novice MiFi


Innate Abilities, Weirdness & Mutations

You are too large for most types of armour.
You have claws for hands.
Your natural rate of healing is unusually fast.
You are covered in fur. (AC +1)
You have tough skin. (AC +1)


Message History

You scratch Mercurial's ghost.
Mercurial's ghost is lightly damaged.
Mercurial's ghost hits you but does no damage.
You scratch Mercurial's ghost but do no damage.
Mercurial's ghost is lightly damaged.
Mercurial's ghost hits you!
You claw Mercurial's ghost!
Mercurial's ghost is lightly damaged.
Mercurial's ghost closely misses you.
You barely miss Mercurial's ghost.
Mercurial's ghost is lightly damaged.
Mercurial's ghost hits you!
You scratch Mercurial's ghost but do no damage.
Mercurial's ghost is lightly damaged.
Mercurial's ghost says, "You cannot hurt me!"
Mercurial's ghost hits you!
You scratch Mercurial's ghost but do no damage.
Mercurial's ghost is lightly damaged.
You scratch Mercurial's ghost but do no damage.
Mercurial's ghost is lightly damaged.
You block Mercurial's ghost's attack.
You scratch Mercurial's ghost.
Mercurial's ghost is lightly damaged.
Mercurial's ghost hits you.
You scratch Mercurial's ghost but do no damage.
Mercurial's ghost is lightly damaged.
Mercurial's ghost hits you!!
* * * LOW HITPOINT WARNING * * *
You scratch Mercurial's ghost but do no damage.
Mercurial's ghost is lightly damaged.
Mercurial's ghost misses you.
You scratch Mercurial's ghost.
You claw Mercurial's ghost, but do no damage.
Mercurial's ghost is moderately damaged.
Mercurial's ghost hits you.
* * * LOW HITPOINT WARNING * * *
Mercurial's ghost wails, "You must not succeed where I failed!"
Mercurial's ghost attacks as you move away!
Mercurial's ghost hits you!
You die...

..###...............##.......#..#
......#......#<.)...##>...#.#..##
####.............)..##....#####..
#............).[...............
#...#########..).............##
#..##......©##..............##
###..#8.......8#..............##
#....#.........#.....<.........##
#.#..#........o#@..........#....#
#...©#....©...)#W........<.#.#...
###..#........$#.).....#....##...
#..#.........#..#...##.#...###.
#..#8.......8#..#...#####...##.
#..##....)..##.......## ##...#.
#...#########.........# ##....
#.................##..## ##...
##.....)........#####..## #...


You could see Mercurial's ghost and an orc.

Vanquished Creatures
  The ghost of DildoBatman the Conjurer, a novice FoCj of Kikubaaqudgha (D:4)
  An ogre (D:4)
  3 kobold brigands (Sewer)
  A necrophage (D:5)
  A scorpion (D:5)
  3 hounds
  A jelly (D:5)
  An orc priest (D:3)
  2 gnoll boudas (D:5)
  An iguana (D:5)
  27 gnolls
  7 adders
  6 river rats
  A shadow imp (D:5)
  2 white imps
  An ufetubus (D:5)
  5 worms
  3 dart slugs
  15 orcs
  11 ball pythons
  5 endoplasms
  A giant cockroach (D:4)
  40 goblins
  26 hobgoblins
  2 jackals (Sewer)
  6 quokkas
  5 bats
  10 frilled lizards
  13 kobolds
  13 rats
214 creatures vanquished.

Vanquished Creatures (others)
  15 plants
15 creatures vanquished.

Grand Total: 229 creatures vanquished

Notes
Turn   | Place    | Note
-------+----------+-------------------------------------------
     0 | D:1      | Descartes the Troll Warper began the quest for the Orb.
     0 | D:1      | Reached XP level 1. HP: 19/19 MP: 1/1
    31 | D:1      | Found a large runed translucent door.
    31 | D:1      | Found a large runed translucent door.
    32 | D:1      | Noticed an ogre
    33 | D:1      | Noticed an ogre
    33 | D:1      | Noticed an ogre
    33 | D:1      | Noticed an ogre
   217 | D:1      | Reached XP level 2. HP: 27/27 MP: 3/3
   438 | D:1      | Reached XP level 3. HP: 33/33 MP: 4/4
  1159 | D:2      | Found a faded altar of an unknown god.
  1476 | D:3      | Reached XP level 4. HP: 34/41 MP: 5/5
  1589 | D:3      | Reached skill level 3 in Unarmed Combat
  2448 | D:4      | Identified the +2 robe "Uthreastyu" {Rampage rPois}
  2460 | D:3      | Reached XP level 5. HP: 38/48 MP: 7/7
  2589 | D:4      | Noticed an ogre
  2662 | D:4      | Found a glowing drain.
  2666 | Sewer    | Entered a sewer
  2700 | Sewer    | Reached XP level 6. HP: 55/55 MP: 8/8
  2712 | Sewer    | Reached skill level 4 in Unarmed Combat
  3780 | D:4      | Reached XP level 7. HP: 61/62 MP: 10/10
  3788 | D:4      | Noticed DildoBatman's ghost (novice FoCj)
  3789 | D:4      | Found a transporter.
  3805 | D:4      | Found a transporter.
  3974 | D:4      | Killed DildoBatman's ghost
  3975 | D:4      | Reached skill level 5 in Unarmed Combat
  4145 | D:5      | Entered Level 5 of the Dungeon
  4190 | D:5      | Found a transporter.
  4193 | D:5      | Noticed Mercurial's ghost (novice MiFi)
  4212 | D:5      | Reached skill level 6 in Unarmed Combat
  4212 | D:5      | Reached skill level 5 in Translocations
  4212 | D:5      | Reached XP level 8. HP: 63/70 MP: 11/11
  4624 | D:5      | HP: 2/70 [gnoll/+0 halberd[a gnoll bouda] (8)]
  5190 | D:5      | Reached skill level 7 in Unarmed Combat
  5274 | D:5      | Found a transporter.
  5692 | D:5      | Mangled by Mercurial's ghost

Illustrated notes

Levels and vault maps discovered:
D:1:      erik_arrival_cave_to_civilisation [erik_arrival_cave_to_temple],
          layout_basic, minmay_fountain_box
D:2:      layout_loops_ring, shapermc_ecumenical_altar_mp_ritualfount
D:3:      layout_basic
D:4:      layout_loops_cross, gammafunk_ghost_arena, gup_sewer_entry_spiral,
          minmay_misc_feat_room, guppyfry_early_lair_pool
D:5:      minmay_goblin_kobold_castle, layout_layer_cave, gammafunk_ghost_arena,
          chequers_avenue

Skill      XL: |  1  2  3  4  5  6  7  8 |
---------------+-------------------------+-----
Unarmed Combat | 3 4 6 7 |  7.1
Spellcasting   | 2 3 |  3.0
Translocations | 3 5 |  5.8
Fighting       | |  1.5
Throwing       | |  0.8
Dodging        | |  1.9

Action                   |  1- 3 |  4- 6 |  7- 9 || total
-------------------------+-------+-------+-------++-------
Melee: Unarmed           |    99 |   230 |   261 ||   590
       Punch             |       |     9 |    11 ||    20
  Use: Scroll            |       |     7 |       ||     7
       Potion            |       |     3 |       ||     3
 Stab: Sleeping          |     1 |     6 |     1 ||     8
Armor: Robe              |    40 |    65 |    94 ||   199
Dodge: Dodged            |    49 |    75 |   155 ||   279
Block: Other             |     5 |    27 |    76 ||   108
       Reflection        |       |       |     5 ||     5
